2859 views
Uploaded 2020-02-09 16:00:36
Game version 1.32 / 1.32.1
108:08 long 1on1on1on1 custom game on (4)Meson de la Taberna
Game name "greentea"
Saved by GreenTea
2859 views
Uploaded 2020-02-09 16:00:36
Game version 1.32 / 1.32.1
108:08 long 1on1on1on1 custom game on (4)Meson de la Taberna
Game name "greentea"

116 units @ 19k
/ 3.1k
59 buildings @ 7.1k
/ 3.2k



| Staff of Sanctuary | 3 | 750 |
| Orb of Fire | 3 | 975 |
| Lesser Clarity Potion | 2 | 140 |
| Boots of Speed | 2 | 500 |
| Scroll of Protection | 1 | 150 |
| total: | 11 | 2515g |
| Peasant | 32 | 2400 | / | 0 |
| Footman | 7 | 945 | / | 0 |
| Rifleman | 27 | 5535 | / | 810 |
| Priest | 15 | 2025 | / | 150 |
| Sorceress | 3 | 465 | / | 60 |
| Mortar Team | 5 | 900 | / | 350 |
| Gryphon Rider | 12 | 3360 | / | 840 |
| Knight | 5 | 1225 | / | 300 |
| Siege Engine | 9 | 1755 | / | 540 |
| Goblin Shredder | 1 | 375 | / | 100 |
| total: | 116 | 18985g | / | 3150w |
| Scout Tower | 6 | 180 | / | 120 |
| Arcane Tower | 2 | 140 | / | 100 |
| Guard Tower | 3 | 210 | / | 150 |
| Altar of Kings | 3 | 540 | / | 150 |
| Farm | 27 | 2160 | / | 540 |
| Barracks | 3 | 480 | / | 180 |
| Lumber Mill | 3 | 360 | / | 0 |
| Blacksmith | 2 | 280 | / | 120 |
| Arcane Vault | 3 | 390 | / | 90 |
| Town Hall | 4 | 1540 | / | 820 |
| Arcane Sanctum | 1 | 150 | / | 140 |
| Workshop | 3 | 420 | / | 420 |
| Gryphon Aviary | 4 | 560 | / | 600 |
| Keep | 2 | 640 | / | 420 |
| Castle | 3 | 1080 | / | 630 |
| total: | 59 | 7060g | / | 3180w |
| 0:02 | Peasant |
| 0:02 | Peasant |
| 0:04 | Altar of Kings |
| 0:05 | Scout Tower |
| 0:05 | Altar of Kings |
| 0:09 | Peasant |
| 0:18 | Farm |
| 0:19 | Barracks |
| 0:23 | Peasant |
| 0:34 | Peasant |
| 0:48 | Farm |
| 0:52 | Peasant |
| 1:11 | Peasant |
| 1:22 | Footman |
| 1:26 | Peasant |
| 1:36 | Peasant |
| 1:38 | Footman |
| 1:54 | Peasant |
| 1:56 | Peasant |
| 2:05 | Farm |
| 2:15 | Summon Water Elemental |
| 2:39 | Keep |
| 2:54 | Lumber Mill |
| 2:58 | Farm |
| 3:11 | Footman |
| 3:22 | Footman |
| 3:27 | Brilliance Aura |
| 3:33 | Footman |
| 3:37 | Scout Tower |
| 3:49 | Footman |
| 4:10 | Arcane Tower |
| 4:15 | Blacksmith |
| 4:26 | Footman |
| 5:10 | Defend |
| 5:10 | Castle |
| 5:13 | Farm |
| 5:51 | Arcane Vault |
| 5:57 | Rifleman |
| 6:27 | Rifleman |
| 6:28 | Long Rifles |
| 6:29 | Storm Bolt |
| 6:42 | Summon Water Elemental |
| 7:00 | Castle |
| 7:17 | Farm |
| 7:21 | Arcane Sanctum |
| 7:47 | Boots of Speed |
| 8:12 | Rifleman |
| 8:25 | Thunder Clap |
| 8:49 | Priest |
| 9:05 | Priest Adept Training |
| 9:06 | Priest |
| 9:07 | Rifleman |
| 9:09 | Farm |
| 9:31 | Rifleman |
| 9:47 | Brilliance Aura |
| 9:55 | Farm |
| 10:26 | Priest |
| 10:28 | Black Gunpowder |
| 10:48 | Holy Light |
| 10:51 | Staff of Sanctuary |
| 10:59 | Orb of Fire |
| 11:30 | Rifleman |
| 11:32 | Sorceress |
| 12:04 | Storm Bolt |
| 12:24 | Devotion Aura |
| 12:34 | Studded Leather Armor |
| 12:35 | Rifleman |
| 12:37 | Priest |
| 12:37 | Priest Master Training |
| 12:45 | Workshop |
| 12:47 | Rifleman |
| 12:53 | Staff of Sanctuary |
| 13:23 | Refined Gunpowder |
| 14:30 | Orb of Fire |
| 14:36 | Lesser Clarity Potion |
| 14:44 | Lesser Clarity Potion |
| 14:53 | Priest |
| 14:55 | Farm |
| 15:35 | Priest |
| 15:41 | Holy Light |
| 15:43 | Thunder Clap |
| 16:17 | Priest |
| 16:18 | Sorceress |
| 16:24 | Farm |
| 16:41 | Imbued Gunpowder |
| 16:43 | Fragmentation Shards |
| 17:33 | Rifleman |
| 17:35 | Mortar Team |
| 17:49 | Summon Water Elemental |
| 18:00 | Mortar Team |
| 18:36 | Town Hall |
| 21:07 | Divine Shield |
| 21:33 | Scout Tower |
| 21:35 | Scout Tower |
| 21:38 | Rifleman |
| 21:40 | Priest |
| 21:40 | Sorceress |
| 21:41 | Mortar Team |
| 21:41 | Mortar Team |
| 21:44 | Reinforced Leather Armor |
| 21:46 | Flare |
| 22:41 | Iron Plating |
| 23:09 | Guard Tower |
| 23:10 | Arcane Tower |
| 23:27 | Dragonhide Armor |
| 23:30 | Sorceress Adept Training |
| 23:51 | Workshop |
| 26:05 | Storm Bolt |
| 26:13 | Holy Light |
| 26:24 | Mass Teleport |
| 27:32 | Town Hall |
| 27:58 | Rifleman |
| 28:04 | Orb of Fire |
| 28:16 | Staff of Sanctuary |
| 29:00 | Priest |
| 29:01 | Priest |
| 30:13 | Peasant |
| 30:22 | Priest |
| 30:25 | Sorceress Master Training |
| 30:27 | Barrage |
| 31:33 | Resurrection |
| 32:21 | Farm |
| 32:58 | Brilliance Aura |
| 33:09 | Avatar |
| 33:46 | Rifleman |
| 33:46 | Rifleman |
| 33:47 | Priest |
| 35:07 | Rifleman |
| 35:08 | Priest |
| 35:32 | Priest |
| 35:33 | Mortar Team |
| 36:36 | Peasant |
| 36:36 | Peasant |
| 36:46 | Gryphon Aviary |
| 36:50 | Peasant |
| 36:50 | Peasant |
| 36:51 | Peasant |
| 37:04 | Gryphon Aviary |
| 37:08 | Steel Plating |
| 38:08 | Priest |
| 40:06 | Gryphon Rider |
| 40:06 | Gryphon Rider |
| 40:07 | Gryphon Rider |
| 40:08 | Gryphon Rider |
| 41:27 | Divine Shield |
| 41:41 | Town Hall |
| 41:52 | Rifleman |
| 41:52 | Rifleman |
| 42:50 | Farm |
| 44:46 | Improved Masonry |
| 44:49 | Rifleman |
| 44:50 | Rifleman |
| 44:59 | Iron Forged Swords |
| 45:40 | Farm |
| 47:30 | Farm |
| 47:34 | Rifleman |
| 47:35 | Rifleman |
| 48:20 | Bash |
| 48:47 | Blizzard |
| 49:27 | Keep |
| 50:36 | Scout Tower |
| 50:39 | Scout Tower |
| 51:13 | Guard Tower |
| 51:13 | Guard Tower |
| 51:45 | Barracks |
| 52:13 | Advanced Masonry |
| 52:52 | Gryphon Aviary |
| 52:56 | Altar of Kings |
| 53:36 | Rifleman |
| 54:16 | Blacksmith |
| 54:47 | Castle |
| 54:56 | Lumber Mill |
| 54:58 | Lumber Mill |
| 55:42 | Goblin Shredder |
| 56:03 | Rifleman |
| 56:13 | Steel Forged Swords |
| 57:37 | Knight |
| 57:38 | Animal War Training |
| 57:40 | Barracks |
| 57:55 | Mithril Plating |
| 58:02 | Imbued Masonry |
| 58:16 | Sundering Blades |
| 59:21 | Knight |
| 59:26 | Knight |
| 59:41 | Peasant |
| 59:41 | Peasant |
| 60:54 | Devotion Aura |
| 61:46 | Rifleman |
| 61:49 | Peasant |
| 61:49 | Peasant |
| 63:18 | Knight |
| 65:33 | Farm |
| 65:52 | Bash |
| 66:10 | Farm |
| 66:58 | Blizzard |
| 67:02 | Farm |
| 67:05 | Farm |
| 67:34 | Farm |
| 67:35 | Farm |
| 68:17 | Farm |
| 68:22 | Farm |
| 68:23 | Farm |
| 68:24 | Farm |
| 68:56 | Farm |
| 69:06 | Gryphon Rider |
| 69:06 | Gryphon Rider |
| 69:35 | Farm |
| 69:39 | Gryphon Rider |
| 71:09 | Gryphon Rider |
| 71:09 | Gryphon Rider |
| 74:22 | Peasant |
| 74:23 | Peasant |
| 75:18 | Town Hall |
| 77:02 | Rifleman |
| 77:04 | Rifleman |
| 77:25 | Peasant |
| 77:25 | Peasant |
| 77:29 | Peasant |
| 77:29 | Peasant |
| 77:56 | Peasant |
| 77:56 | Peasant |
| 78:16 | Gryphon Aviary |
| 78:22 | Peasant |
| 78:43 | Peasant |
| 78:44 | Peasant |
| 79:41 | Gryphon Rider |
| 81:48 | Gryphon Rider |
| 82:23 | Rifleman |
| 82:23 | Knight |
| 83:07 | Rifleman |
| 83:45 | Workshop |
| 85:44 | Siege Engine |
| 86:28 | Farm |
| 86:45 | Siege Engine |
| 88:05 | Siege Engine |
| 88:06 | Siege Engine |
| 89:19 | Mithril Forged Swords |
| 94:55 | Bash |
| 97:31 | Scroll of Protection |
| 97:35 | Boots of Speed |
| 98:28 | Blizzard |
| 98:31 | Devotion Aura |
| 98:58 | Siege Engine |
| 98:59 | Siege Engine |
| 102:34 | Siege Engine |
| 102:40 | Arcane Vault |
| 102:51 | Arcane Vault |
| 103:27 | Gryphon Rider |
| 105:38 | Siege Engine |
| 105:38 | Siege Engine |
| Right click | 3663 |
| Select | 2013 |
| Select group | 1891 |
| Misc. action | 986 |
| Build/train/purchase | 339 |
| Use ability | 232 |
| Assign group | 130 |
| Chat | 55 |
| Item give/drop | 15 |
| Remove unit | 11 |
| Esc | 4 |
109 units @ 16.5k
/ 3.8k
49 buildings @ 9.1k
/ 4.4k


| Lesser Clarity Potion | 2 | 140 |
| Potion of Healing | 1 | 150 |
| Orb of Venom | 2 | 650 |
| Boots of Speed | 1 | 250 |
| Staff of Teleportation | 1 | 150 |
| total: | 7 | 1340g |
| Wisp | 47 | 2820 | / | 0 |
| Archer | 2 | 260 | / | 20 |
| Dryad | 21 | 3045 | / | 1260 |
| Druid of the Claw | 8 | 2040 | / | 640 |
| Mountain Giant | 1 | 350 | / | 100 |
| Chimaera | 18 | 5940 | / | 1260 |
| Hippogryph | 8 | 1280 | / | 160 |
| Druid of the Talon | 1 | 145 | / | 20 |
| Goblin Sapper | 3 | 645 | / | 300 |
| total: | 109 | 16525g | / | 3760w |
| Altar of Elders | 4 | 720 | / | 200 |
| Moon Well | 21 | 3780 | / | 840 |
| Ancient of War | 1 | 150 | / | 60 |
| Hunter's Hall | 1 | 210 | / | 100 |
| Ancient of Wonders | 3 | 270 | / | 90 |
| Tree of Life | 6 | 2040 | / | 1110 |
| Ancient of Lore | 6 | 930 | / | 870 |
| Ancient of Wind | 4 | 600 | / | 560 |
| Chimaera Roost | 3 | 420 | / | 570 |
| Tree of Ages | 4 | 1280 | / | 720 |
| Tree of Eternity | 2 | 660 | / | 400 |
| total: | 49 | 9120g | / | 4400w |
| 0:05 | Altar of Elders |
| 0:05 | Wisp |
| 0:20 | Moon Well |
| 0:21 | Wisp |
| 0:31 | Wisp |
| 0:38 | Wisp |
| 0:53 | Wisp |
| 1:04 | Wisp |
| 1:17 | Wisp |
| 1:33 | Moon Well |
| 1:38 | Ancient of War |
| 1:40 | Wisp |
| 1:58 | Wisp |
| 2:02 | Hunter's Hall |
| 2:16 | Wisp |
| 2:19 | Shadow Strike |
| 2:27 | Wisp |
| 2:44 | Wisp |
| 2:56 | Archer |
| 3:02 | Moon Well |
| 3:07 | Tree of Ages |
| 4:09 | Strength of the Wild |
| 4:17 | Ancient of Wonders |
| 4:36 | Archer |
| 5:28 | Wisp |
| 5:31 | Ancient of Lore |
| 5:34 | Ancient of Lore |
| 5:45 | Tree of Eternity |
| 6:49 | Dryad |
| 7:01 | Boots of Speed |
| 7:01 | Staff of Teleportation |
| 7:11 | Blink |
| 7:13 | Lesser Clarity Potion |
| 7:21 | Improved Strength of the Wild |
| 7:23 | Dryad |
| 7:41 | Potion of Healing |
| 8:12 | Druid of the Claw Adept Training |
| 8:12 | Druid of the Claw |
| 9:03 | Druid of the Claw Master Training |
| 9:04 | Druid of the Claw |
| 9:33 | Moon Well |
| 9:34 | Wisp |
| 9:34 | Wisp |
| 9:36 | Advanced Strength of the Wild |
| 9:47 | Mark of the Claw |
| 10:38 | Wisp |
| 10:39 | Wisp |
| 10:41 | Moon Well |
| 10:43 | Moon Well |
| 11:40 | Mountain Giant |
| 11:43 | Resistant Skin |
| 12:15 | Lesser Clarity Potion |
| 12:17 | Orb of Venom |
| 12:35 | Hardened Skin |
| 12:38 | Abolish Magic |
| 12:40 | Druid of the Claw |
| 12:54 | Shadow Strike |
| 13:03 | Reinforced Hides |
| 13:04 | Wisp |
| 13:49 | Tree of Life |
| 14:40 | Druid of the Claw |
| 14:42 | Blink |
| 14:55 | Ultravision |
| 15:31 | Wisp |
| 15:31 | Wisp |
| 16:01 | Wisp |
| 16:03 | Wisp |
| 16:17 | Wisp |
| 16:21 | Wisp |
| 16:29 | Improved Reinforced Hides |
| 20:28 | Druid of the Claw |
| 21:22 | Druid of the Claw |
| 21:27 | Tree of Life |
| 21:30 | Advanced Reinforced Hides |
| 21:35 | Ancient of Wind |
| 21:42 | Dryad |
| 22:44 | Dryad |
| 23:21 | Entangling Roots |
| 23:44 | Druid of the Claw |
| 23:58 | Chimaera Roost |
| 24:01 | Well Spring |
| 24:34 | Wisp |
| 24:35 | Wisp |
| 24:35 | Wisp |
| 24:35 | Wisp |
| 25:58 | Chimaera |
| 27:02 | Chimaera |
| 27:14 | Nature's Blessing |
| 27:42 | Orb of Venom |
| 27:53 | Chimaera |
| 28:10 | Druid of the Claw |
| 29:00 | Corrosive Breath |
| 30:16 | Tree of Ages |
| 30:28 | Chimaera |
| 32:48 | Ancient of Lore |
| 32:55 | Altar of Elders |
| 34:20 | Tree of Life |
| 34:47 | Tree of Life |
| 35:03 | Hippogryph |
| 36:26 | Wisp |
| 36:26 | Wisp |
| 36:26 | Wisp |
| 36:26 | Wisp |
| 36:26 | Wisp |
| 36:59 | Hippogryph |
| 38:00 | Tree of Ages |
| 38:41 | Hippogryph |
| 40:20 | Moon Well |
| 40:58 | Moon Well |
| 41:14 | Wisp |
| 41:14 | Wisp |
| 41:16 | Wisp |
| 41:59 | Ancient of Lore |
| 42:08 | Moon Well |
| 42:08 | Moon Well |
| 42:18 | Altar of Elders |
| 43:10 | Ancient of Wind |
| 43:15 | Dryad |
| 43:28 | Tree of Eternity |
| 43:33 | Dryad |
| 43:36 | Ancient of Lore |
| 43:47 | Dryad |
| 44:19 | Dryad |
| 44:43 | Dryad |
| 44:47 | Hippogryph |
| 44:54 | Dryad |
| 44:54 | Dryad |
| 45:22 | Hippogryph |
| 45:27 | Dryad |
| 45:27 | Dryad |
| 45:53 | Dryad |
| 46:20 | Dryad |
| 46:38 | Dryad |
| 47:22 | Moon Well |
| 47:25 | Moon Well |
| 47:29 | Tree of Life |
| 48:17 | Tree of Life |
| 49:01 | Chimaera Roost |
| 49:18 | Chimaera Roost |
| 50:27 | Wisp |
| 50:27 | Wisp |
| 50:33 | Wisp |
| 51:28 | Wisp |
| 51:30 | Wisp |
| 52:24 | Chimaera |
| 52:50 | Wisp |
| 52:52 | Wisp |
| 52:52 | Wisp |
| 53:32 | Chimaera |
| 54:12 | Chimaera |
| 54:14 | Wisp |
| 54:57 | Chimaera |
| 56:00 | Chimaera |
| 56:37 | Moon Well |
| 57:39 | Chimaera |
| 57:45 | Dryad |
| 57:54 | Shadow Strike |
| 61:13 | Dryad |
| 61:16 | Chimaera |
| 61:16 | Chimaera |
| 61:22 | Entangling Roots |
| 61:23 | Force of Nature |
| 61:46 | Dryad |
| 62:51 | Dryad |
| 63:23 | Chimaera |
| 64:38 | Dryad |
| 66:02 | Chimaera |
| 66:42 | Moon Well |
| 67:48 | Wisp |
| 67:52 | Wisp |
| 67:56 | Moon Well |
| 68:52 | Moon Well |
| 68:56 | Chimaera |
| 70:12 | Chimaera |
| 70:33 | Moon Well |
| 72:31 | Moon Well |
| 72:39 | Goblin Sapper |
| 72:39 | Goblin Sapper |
| 72:39 | Goblin Sapper |
| 74:58 | Moon Well |
| 75:00 | Moon Well |
| 75:01 | Moon Well |
| 75:25 | Chimaera |
| 75:59 | Ancient of Wind |
| 76:20 | Ancient of Wind |
| 77:33 | Chimaera |
| 77:44 | Druid of the Talon |
| 81:22 | Ancient of Lore |
| 81:53 | Hippogryph |
| 81:54 | Hippogryph |
| 81:54 | Hippogryph |
| 85:10 | Fan of Knives |
| 99:31 | Altar of Elders |
| 104:17 | Ancient of Wonders |
| 105:06 | Ancient of Wonders |
| Right click | 8371 |
| Select | 1124 |
| Select group | 478 |
| Build/train/purchase | 216 |
| Use ability | 172 |
| Misc. action | 58 |
| Assign group | 44 |
| Esc | 6 |
| Item give/drop | 2 |
| Remove unit | 1 |
118 units @ 14.7k
/ 2.2k
84 buildings @ 9.4k
/ 3.8k



| Scroll of Regeneration | 4 | 400 |
| Lesser Clarity Potion | 1 | 70 |
| Mechanical Critter | 1 | 50 |
| Potion of Healing | 2 | 300 |
| Potion of Mana | 1 | 200 |
| Orb of Fire | 1 | 325 |
| Scroll of Healing | 3 | 750 |
| Boots of Speed | 3 | 750 |
| Potion of Lesser Invulnerability | 4 | 600 |
| Circlet of Nobility | 3 | 525 |
| Scroll of Protection | 1 | 150 |
| total: | 24 | 4120g |
| Peasant | 40 | 3000 | / | 0 |
| Footman | 9 | 1215 | / | 0 |
| Priest | 9 | 1215 | / | 90 |
| Spell Breaker | 6 | 1290 | / | 180 |
| Knight | 3 | 735 | / | 180 |
| Flying Machine | 31 | 3100 | / | 930 |
| Mortar Team | 1 | 180 | / | 70 |
| Rifleman | 12 | 2460 | / | 360 |
| Siege Engine | 5 | 975 | / | 300 |
| Goblin Zeppelin | 2 | 480 | / | 120 |
| total: | 118 | 14650g | / | 2230w |
| Scout Tower | 16 | 480 | / | 320 |
| Guard Tower | 10 | 700 | / | 500 |
| Arcane Tower | 8 | 560 | / | 400 |
| Altar of Kings | 4 | 720 | / | 200 |
| Barracks | 3 | 480 | / | 180 |
| Farm | 41 | 3280 | / | 820 |
| Arcane Vault | 4 | 520 | / | 120 |
| Lumber Mill | 3 | 360 | / | 0 |
| Blacksmith | 2 | 280 | / | 120 |
| Town Hall | 7 | 2695 | / | 1435 |
| Arcane Sanctum | 2 | 300 | / | 280 |
| Workshop | 2 | 280 | / | 280 |
| Keep | 4 | 1280 | / | 840 |
| Castle | 3 | 1080 | / | 630 |
| total: | 84 | 9395g | / | 3755w |
| 0:02 | Peasant |
| 0:03 | Peasant |
| 0:06 | Altar of Kings |
| 0:12 | Barracks |
| 0:14 | Peasant |
| 0:27 | Farm |
| 0:43 | Peasant |
| 1:02 | Farm |
| 1:14 | Peasant |
| 1:14 | Peasant |
| 1:16 | Footman |
| 1:33 | Farm |
| 1:35 | Farm |
| 1:45 | Peasant |
| 1:48 | Footman |
| 1:59 | Footman |
| 2:06 | Summon Water Elemental |
| 2:29 | Footman |
| 2:32 | Footman |
| 2:58 | Keep |
| 3:15 | Arcane Vault |
| 3:25 | Footman |
| 3:30 | Farm |
| 3:56 | Brilliance Aura |
| 4:12 | Lumber Mill |
| 4:13 | Footman |
| 4:14 | Footman |
| 4:49 | Footman |
| 4:55 | Farm |
| 5:01 | Scroll of Regeneration |
| 5:04 | Scroll of Regeneration |
| 5:04 | Lesser Clarity Potion |
| 5:06 | Mechanical Critter |
| 5:27 | Arcane Sanctum |
| 5:49 | Farm |
| 6:27 | Arcane Sanctum |
| 6:33 | Farm |
| 7:00 | Summon Water Elemental |
| 7:02 | Storm Bolt |
| 7:05 | Priest |
| 7:06 | Priest |
| 7:24 | Priest |
| 7:24 | Priest |
| 7:28 | Improved Lumber Harvesting |
| 8:04 | Boots of Speed |
| 8:07 | Potion of Lesser Invulnerability |
| 8:35 | Priest Adept Training |
| 8:59 | Boots of Speed |
| 8:59 | Circlet of Nobility |
| 9:09 | Thunder Clap |
| 9:31 | Blacksmith |
| 10:46 | Iron Forged Swords |
| 10:49 | Spell Breaker |
| 10:50 | Spell Breaker |
| 11:45 | Spell Breaker |
| 12:14 | Priest |
| 12:38 | Scroll of Regeneration |
| 12:45 | Town Hall |
| 14:18 | Spell Breaker |
| 14:20 | Steel Forged Swords |
| 14:23 | Potion of Healing |
| 14:26 | Potion of Mana |
| 14:29 | Scroll of Regeneration |
| 14:54 | Priest |
| 14:57 | Castle |
| 15:19 | Potion of Healing |
| 15:26 | Priest |
| 16:08 | Spell Breaker |
| 16:27 | Spell Breaker |
| 16:33 | Brilliance Aura |
| 18:21 | Altar of Kings |
| 18:40 | Peasant |
| 18:41 | Peasant |
| 18:41 | Peasant |
| 18:41 | Peasant |
| 18:41 | Peasant |
| 19:07 | Barracks |
| 19:52 | Peasant |
| 19:58 | Peasant |
| 20:15 | Peasant |
| 20:22 | Peasant |
| 20:34 | Arcane Vault |
| 20:39 | Scout Tower |
| 20:42 | Scout Tower |
| 21:05 | Peasant |
| 21:05 | Peasant |
| 21:15 | Guard Tower |
| 21:20 | Scout Tower |
| 21:31 | Advanced Lumber Harvesting |
| 21:55 | Arcane Tower |
| 21:58 | Guard Tower |
| 22:04 | Peasant |
| 22:05 | Peasant |
| 22:05 | Peasant |
| 22:05 | Peasant |
| 22:07 | Peasant |
| 22:32 | Potion of Lesser Invulnerability |
| 22:35 | Scroll of Healing |
| 22:42 | Workshop |
| 23:07 | Knight |
| 23:38 | Priest |
| 23:39 | Priest |
| 24:11 | Knight |
| 24:12 | Knight |
| 24:24 | Barrage |
| 24:32 | Farm |
| 24:35 | Farm |
| 24:47 | Black Gunpowder |
| 24:50 | Potion of Lesser Invulnerability |
| 24:51 | Circlet of Nobility |
| 24:51 | Scroll of Healing |
| 25:19 | Workshop |
| 25:44 | Farm |
| 25:49 | Farm |
| 25:52 | Farm |
| 26:07 | Storm Bolt |
| 26:17 | Refined Gunpowder |
| 26:19 | Flying Machine Bombs |
| 26:39 | Holy Light |
| 26:43 | Flak Cannons |
| 26:58 | Priest Master Training |
| 27:15 | Farm |
| 27:16 | Farm |
| 27:39 | Boots of Speed |
| 27:40 | Circlet of Nobility |
| 27:40 | Potion of Lesser Invulnerability |
| 27:40 | Scroll of Healing |
| 27:41 | Scroll of Protection |
| 27:55 | Imbued Gunpowder |
| 28:02 | Flying Machine |
| 28:02 | Flying Machine |
| 28:03 | Flying Machine |
| 28:05 | Flying Machine |
| 28:31 | Flying Machine |
| 28:34 | Flying Machine |
| 28:44 | Flying Machine |
| 28:44 | Flying Machine |
| 30:28 | Thunder Clap |
| 30:33 | Brilliance Aura |
| 31:16 | Keep |
| 31:36 | Flying Machine |
| 31:36 | Flying Machine |
| 31:37 | Flying Machine |
| 31:38 | Flying Machine |
| 31:54 | Divine Shield |
| 32:10 | Flying Machine |
| 32:48 | Flying Machine |
| 32:48 | Flying Machine |
| 33:11 | Flying Machine |
| 33:24 | Flying Machine |
| 34:21 | Town Hall |
| 36:03 | Mortar Team |
| 36:09 | Flying Machine |
| 36:09 | Flying Machine |
| 36:09 | Flying Machine |
| 36:09 | Flying Machine |
| 36:44 | Flying Machine |
| 36:44 | Flying Machine |
| 37:28 | Flying Machine |
| 37:53 | Flying Machine |
| 38:26 | Flying Machine |
| 38:35 | Flying Machine |
| 38:48 | Flying Machine |
| 40:06 | Flying Machine |
| 40:06 | Flying Machine |
| 40:13 | Flying Machine |
| 42:44 | Castle |
| 52:12 | Farm |
| 53:00 | Town Hall |
| 56:27 | Farm |
| 56:29 | Farm |
| 57:26 | Peasant |
| 57:26 | Peasant |
| 57:28 | Farm |
| 57:29 | Farm |
| 57:55 | Peasant |
| 57:55 | Peasant |
| 57:56 | Peasant |
| 58:32 | Town Hall |
| 58:42 | Peasant |
| 58:50 | Peasant |
| 59:36 | Altar of Kings |
| 59:38 | Scout Tower |
| 60:08 | Scout Tower |
| 60:09 | Scout Tower |
| 60:11 | Scout Tower |
| 60:15 | Guard Tower |
| 60:43 | Guard Tower |
| 61:48 | Goblin Zeppelin |
| 62:00 | Guard Tower |
| 62:03 | Arcane Tower |
| 62:04 | Arcane Tower |
| 62:12 | Peasant |
| 62:12 | Peasant |
| 62:13 | Peasant |
| 63:18 | Lumber Mill |
| 63:22 | Arcane Vault |
| 63:25 | Scout Tower |
| 63:26 | Scout Tower |
| 63:27 | Peasant |
| 63:28 | Peasant |
| 63:28 | Peasant |
| 63:28 | Peasant |
| 63:31 | Scout Tower |
| 63:58 | Arcane Tower |
| 63:59 | Guard Tower |
| 64:00 | Guard Tower |
| 64:04 | Scout Tower |
| 64:40 | Arcane Tower |
| 64:48 | Devotion Aura |
| 66:27 | Studded Leather Armor |
| 66:28 | Rifleman |
| 66:29 | Rifleman |
| 66:29 | Rifleman |
| 66:30 | Rifleman |
| 66:37 | Barracks |
| 67:19 | Storm Bolt |
| 67:44 | Farm |
| 67:44 | Farm |
| 67:45 | Farm |
| 67:46 | Farm |
| 68:27 | Keep |
| 70:00 | Rifleman |
| 70:01 | Rifleman |
| 70:01 | Rifleman |
| 70:33 | Holy Light |
| 70:44 | Rifleman |
| 70:54 | Long Rifles |
| 70:55 | Reinforced Leather Armor |
| 73:43 | Goblin Zeppelin |
| 78:25 | Town Hall |
| 80:53 | Lumber Mill |
| 81:47 | Arcane Vault |
| 83:19 | Castle |
| 83:33 | Scout Tower |
| 83:41 | Scout Tower |
| 83:44 | Scout Tower |
| 83:47 | Scout Tower |
| 83:49 | Scout Tower |
| 84:20 | Rifleman |
| 84:20 | Rifleman |
| 84:21 | Rifleman |
| 84:22 | Rifleman |
| 84:27 | Guard Tower |
| 84:30 | Arcane Tower |
| 84:34 | Guard Tower |
| 84:36 | Arcane Tower |
| 85:17 | Guard Tower |
| 85:21 | Arcane Tower |
| 85:45 | Siege Engine |
| 85:46 | Siege Engine |
| 86:05 | Siege Engine |
| 86:19 | Iron Plating |
| 86:30 | Blacksmith |
| 86:44 | Siege Engine |
| 87:30 | Steel Plating |
| 87:53 | Dragonhide Armor |
| 88:24 | Orb of Fire |
| 89:06 | Siege Engine |
| 89:09 | Mithril Plating |
| 89:49 | Mithril Forged Swords |
| 94:25 | Town Hall |
| 95:26 | Town Hall |
| 96:28 | Altar of Kings |
| 97:43 | Farm |
| 97:46 | Farm |
| 97:51 | Farm |
| 97:55 | Farm |
| 98:55 | Farm |
| 98:58 | Farm |
| 99:03 | Farm |
| 99:11 | Farm |
| 99:14 | Farm |
| 99:18 | Farm |
| 103:21 | Farm |
| 103:27 | Farm |
| 104:03 | Peasant |
| 104:03 | Peasant |
| 104:03 | Peasant |
| 104:10 | Farm |
| 104:16 | Farm |
| 104:30 | Farm |
| 104:54 | Keep |
| 105:13 | Farm |
| 105:19 | Farm |
| Right click | 2833 |
| Select group | 1993 |
| Select | 1877 |
| Misc. action | 414 |
| Build/train/purchase | 347 |
| Use ability | 319 |
| Assign group | 144 |
| Remove unit | 14 |
| Item give/drop | 11 |
| Esc | 1 |
46 units @ 8.6k
/ 1.5k
28 buildings @ 4.6k
/ 1.4k



| Rod of Necromancy | 3 | 450 |
| Orb of Corruption | 1 | 375 |
| Potion of Mana | 3 | 600 |
| Potion of Healing | 1 | 150 |
| Dust of Appearance | 1 | 75 |
| Scroll of Healing | 4 | 1000 |
| Scroll of Town Portal | 3 | 1050 |
| Boots of Speed | 1 | 250 |
| Potion of Lesser Invulnerability | 4 | 600 |
| Scroll of Protection | 1 | 150 |
| total: | 22 | 4700g |
| Acolyte | 7 | 525 | / | 0 |
| Ghoul | 3 | 360 | / | 0 |
| Crypt Fiend | 24 | 5160 | / | 960 |
| Obsidian Statue | 8 | 1600 | / | 280 |
| Abomination | 4 | 960 | / | 280 |
| total: | 46 | 8605g | / | 1520w |
| Nerubian Tower | 3 | 300 | / | 60 |
| Spirit Tower | 3 | 435 | / | 120 |
| Crypt | 1 | 200 | / | 50 |
| Graveyard | 1 | 215 | / | 0 |
| Altar of Darkness | 3 | 540 | / | 150 |
| Ziggurat | 12 | 1800 | / | 600 |
| Tomb of Relics | 2 | 260 | / | 60 |
| Necropolis | 5 | 1125 | / | 0 |
| Slaughterhouse | 3 | 420 | / | 405 |
| Sacrificial Pit | 1 | 75 | / | 150 |
| Halls of the Dead | 2 | 640 | / | 420 |
| Black Citadel | 2 | 650 | / | 460 |
| total: | 28 | 4635g | / | 1415w |
| 0:02 | Acolyte |
| 0:04 | Crypt |
| 0:08 | Graveyard |
| 0:18 | Acolyte |
| 0:41 | Altar of Darkness |
| 0:57 | Ziggurat |
| 1:08 | Ghoul |
| 1:34 | Tomb of Relics |
| 1:48 | Crypt Fiend |
| 2:06 | Crypt Fiend |
| 2:24 | Ziggurat |
| 2:46 | Rod of Necromancy |
| 2:49 | Death Coil |
| 3:22 | Halls of the Dead |
| 3:22 | Ghoul |
| 3:43 | Crypt Fiend |
| 3:47 | Unholy Aura |
| 4:03 | Crypt Fiend |
| 4:38 | Crypt Fiend |
| 4:43 | Boots of Speed |
| 5:03 | Death Coil |
| 5:09 | Ziggurat |
| 5:51 | Black Citadel |
| 6:14 | Slaughterhouse |
| 6:20 | Rod of Necromancy |
| 6:26 | Nerubian Tower |
| 6:52 | Crypt Fiend |
| 6:53 | Ziggurat |
| 7:03 | Frost Nova |
| 7:28 | Obsidian Statue |
| 7:33 | Burrow |
| 8:10 | Obsidian Statue |
| 8:23 | Web |
| 8:43 | Acolyte |
| 9:02 | Necropolis |
| 9:17 | Necropolis |
| 10:09 | Ghoul |
| 10:36 | Unholy Aura |
| 10:37 | Frost Armor |
| 10:39 | Creature Attack |
| 10:42 | Obsidian Statue |
| 10:45 | Destroyer Form |
| 11:58 | Crypt Fiend |
| 11:59 | Abomination |
| 12:03 | Acolyte |
| 12:03 | Acolyte |
| 12:03 | Acolyte |
| 12:03 | Acolyte |
| 12:04 | Ziggurat |
| 12:18 | Ziggurat |
| 12:44 | Disease Cloud |
| 12:52 | Improved Creature Attack |
| 12:58 | Orb of Corruption |
| 12:58 | Potion of Mana |
| 12:59 | Rod of Necromancy |
| 13:01 | Dust of Appearance |
| 13:18 | Spirit Tower |
| 13:30 | Silence |
| 13:57 | Crypt Fiend |
| 14:15 | Nerubian Tower |
| 14:24 | Creature Carapace |
| 14:30 | Potion of Lesser Invulnerability |
| 14:30 | Scroll of Healing |
| 14:49 | Ziggurat |
| 14:54 | Crypt Fiend |
| 15:16 | Frost Nova |
| 16:05 | Crypt Fiend |
| 16:05 | Obsidian Statue |
| 16:37 | Unholy Aura |
| 16:52 | Crypt Fiend |
| 16:54 | Black Arrow |
| 17:04 | Crypt Fiend |
| 17:18 | Dark Ritual |
| 17:45 | Crypt Fiend |
| 17:45 | Abomination |
| 17:59 | Black Arrow |
| 18:17 | Advanced Creature Attack |
| 18:20 | Slaughterhouse |
| 18:22 | Sacrificial Pit |
| 19:15 | Spirit Tower |
| 19:26 | Improved Creature Carapace |
| 19:30 | Obsidian Statue |
| 20:56 | Silence |
| 21:21 | Advanced Creature Carapace |
| 21:22 | Abomination |
| 21:23 | Crypt Fiend |
| 22:32 | Scroll of Town Portal |
| 22:33 | Potion of Lesser Invulnerability |
| 22:33 | Scroll of Healing |
| 23:25 | Necropolis |
| 23:51 | Frost Nova |
| 24:05 | Necropolis |
| 24:11 | Necropolis |
| 24:22 | Unholy Armor |
| 24:22 | Unholy Strength |
| 25:09 | Death Coil |
| 25:40 | Crypt Fiend |
| 25:41 | Improved Unholy Armor |
| 26:02 | Crypt Fiend |
| 26:03 | Abomination |
| 27:29 | Crypt Fiend |
| 27:35 | Halls of the Dead |
| 27:42 | Crypt Fiend |
| 27:51 | Ziggurat |
| 27:52 | Ziggurat |
| 27:53 | Ziggurat |
| 28:06 | Altar of Darkness |
| 28:07 | Tomb of Relics |
| 28:09 | Altar of Darkness |
| 28:11 | Scroll of Town Portal |
| 28:11 | Potion of Lesser Invulnerability |
| 28:12 | Scroll of Healing |
| 28:14 | Scroll of Town Portal |
| 28:25 | Crypt Fiend |
| 28:44 | Spirit Tower |
| 28:48 | Nerubian Tower |
| 29:18 | Crypt Fiend |
| 30:04 | Death and Decay |
| 30:39 | Crypt Fiend |
| 30:40 | Obsidian Statue |
| 30:59 | Crypt Fiend |
| 31:07 | Ziggurat |
| 31:33 | Obsidian Statue |
| 31:49 | Obsidian Statue |
| 31:49 | Crypt Fiend |
| 31:50 | Crypt Fiend |
| 31:55 | Slaughterhouse |
| 32:23 | Black Citadel |
| 33:17 | Ziggurat |
| 34:34 | Potion of Lesser Invulnerability |
| 34:34 | Scroll of Healing |
| 34:34 | Scroll of Protection |
| 34:51 | Improved Unholy Strength |
| 35:07 | Black Arrow |
| 35:23 | Potion of Mana |
| 35:25 | Potion of Mana |
| 35:25 | Potion of Healing |
| Right click | 2405 |
| Select group | 1809 |
| Select | 705 |
| Build/train/purchase | 293 |
| Assign group | 96 |
| Use ability | 84 |
| Misc. action | 42 |
| Item give/drop | 14 |
| Chat | 6 |
| Esc | 5 |
| Minimap ping | 2 |